 Dungeon Crawl Stone Soup version 0.18.1-48-g4cf74bf (webtiles) character file.

215561 theElss the Sorcerer (level 18, -8/104 HPs)
             Began as a High Elf Conjurer on July 7, 2016.
             Was the Champion of Vehumet.
             Mangled by a triple sword of pain (42 damage)
             ... on level 2 of the Elven Halls on July 8, 2016.
             The game lasted 05:04:00 (55710 turns).

theElss the Sorcerer (High Elf Conjurer)           Turns: 55710, Time: 05:04:02

Health: -8/104     AC: 10    Str:  9    XL:     18   Next: 33%
Magic:  3/68       EV: 19    Int: 31    God:    Vehumet [******]
Gold:   1531       SH:  6    Dex: 18    Spells: 12 memorised, 20 levels left

rFire  . . .     SeeInvis .     v - staff of power
rCold  . . .     Gourm    +     h - +1 leather armour {rPois}
rNeg   . . .     Faith    .     P - +0 buckler
rPois  +         Spirit   .     e - +1 hat
rElec  .         Dismiss  .     F - +0 cloak
rCorr  .         Reflect  .     T - +2 pair of gloves of Cowardice {MP+9}
SustAt .         Harm     .     t - +0 pair of boots {Fly}
MR     +....                    X - amulet of the gourmand
Stlth  ++........               g - ring of wizardry
                                I - +6 ring of intelligence

@: flying, delayed fireball, repel missiles, somewhat resistant to hostile
enchantments, unstealthy
A: no striking features
a: Renounce Religion, Release Delayed Fireball, Stop Flying
}: 1/15 runes: decaying


You were on level 2 of the Elven Halls.
You worshipped Vehumet.
Vehumet was exalted by your worship.
You were completely stuffed.

You visited 6 branches of the dungeon, and saw 32 of its levels.
You also visited: Labyrinth and Sewer.

You collected 2699 gold pieces.
You spent 1168 gold pieces at shops.

Inventory:

Hand Weapons
 C - the +8 dagger "Jiudeph" {freeze, +Blink rF+ Int+4}
   (You found it on level 2 of the Elven Halls)

   It has been specially enchanted to freeze those struck by it, causing extra
   injury to most foes and up to half again as much damage against particularly
   susceptible opponents.
   It can also slow down cold-blooded creatures.
   It affects your intelligence (+4).
   It protects you from fire.
   It lets you blink.
 R - the +1 shortbow of Pestilence {velocity, rC+ Str+4 SInv}
   (You bought it in a shop on level 2 of the Orcish Mines)

   Any arrow fired from it inflicts extra damage.
   It affects your strength (+4).
   It protects you from cold.
   It lets you see invisible.
Armour
 e - a +1 hat (worn)
 h - a +1 leather armour of poison resistance (worn)
 t - a +0 pair of boots of flying (worn)
 F - a +0 cloak (worn)
 P - a +0 buckler (worn)
 T - the +2 pair of gloves of Cowardice (worn) {MP+9}
   (You found it on level 4 of the Swamp)

   It affects your magic capacity (+9).
Magical Staves
 v - an uncursed staff of power (weapon)
Jewellery
 g - a ring of wizardry (right hand)
 l - an uncursed amulet of dismissal
 x - an uncursed ring of protection from magic
 H - an uncursed amulet of regeneration
 I - a +6 ring of intelligence (left hand)
 X - an amulet of the gourmand (around neck)
Wands
 a - a wand of lightning (11/15)
 d - a wand of digging (11/24)
 p - a wand of enslavement (8/24)
 z - a wand of iceblast (11/15)
 K - a wand of digging (2/24)
 L - a wand of polymorph (2/24)
 M - a wand of flame (15/48)
 N - a wand of acid (13/15)
Scrolls
 f - 5 scrolls of fog
 o - a scroll of enchant weapon
 s - 14 scrolls of remove curse
 u - 8 scrolls of blinking
 w - 6 scrolls of recharging
 y - 7 scrolls of fear
 E - a scroll of enchant armour
 J - 14 scrolls of teleportation
 O - 11 scrolls of magic mapping
 Z - 2 scrolls of silence
Potions
 b - 2 potions of magic
 c - a potion of agility
 j - 2 potions of haste
 m - 5 potions of heal wounds
 n - 4 potions of brilliance
 r - 13 potions of curing
 B - 2 potions of ambrosia
 D - a potion of beneficial mutation
 G - 2 potions of might
 Q - 2 potions of cancellation
Books
 U - the Reference Book on Arcane Weapons and Creation
   (You found it on level 1 of the Elven Halls)

   Spells                             Type                      Level
   a - Summon Guardian Golem          Hexes/Summoning              3
   b - Poisonous Cloud                Conjuration/Poison/Air       6
   c - Orb of Destruction             Conjuration                  7
 W - a book of Changes

   Spells                             Type                      Level
   a - Beastly Appendage              Transmutation                1
   b - Sticks to Snakes               Transmutation                2
   c - Spider Form                    Transmutation/Poison         3
   d - Ice Form                       Ice/Transmutation            4
   e - Blade Hands                    Transmutation                5
Miscellaneous
 V - a crystal ball of energy
 Y - a phial of floods
Comestibles
 i - 2 bread rations
 k - 20 meat rations
 q - 2 royal jellies
 A - a slice of pizza
 S - a beef jerky


   Skills:
 - Level 3.2 Fighting
 - Level 10.0 Dodging
 - Level 2.1 Stealth
 * Level 5.1 Shields
 + Level 21.7 Spellcasting
 + Level 17.2 Conjurations
 - Level 1.2 Charms
 - Level 0.9 Translocations
 + Level 16.7 Fire Magic
 - Level 0.5 Air Magic
 - Level 0.2 Earth Magic
 - Level 0.2 Poison Magic
 - Level 1.6 Evocations


You had 20 spell levels left.
You knew the following spells:

 Your Spells              Type           Power        Failure   Level  Hunger
a - Magic Dart            Conj           ####         0%          1    None
b - Iskenderun's Battles  Conj/Chrm      ######..     1%          5    None
c - Searing Ray           Conj           ######       0%          2    None
d - Iskenderun's Mystic   Conj           #######.     0%          4    None
e - Conjure Flame         Conj/Fire      #######.     0%          3    None
f - Fireball              Conj/Fire      #######...   1%          5    None
g - Mephitic Cloud        Conj/Pois/Air  ######..     1%          3    None
h - Blink                 Tloc           N/A          1%          2    None
i - Bolt of Magma         Conj/Fire/Erth #######...   1%          5    None
j - Delayed Fireball      Conj/Fire      N/A          1%          7    ##.....
k - Repel Missiles        Chrm/Air       #####.       1%          2    None
l - Bolt of Fire          Conj/Fire      #######...   1%          6    None


Dungeon Overview and Level Annotations

Branches:
Dungeon (15/15)            Temple (1/1) D:4            Lair (8/8) D:9
  Swamp (4/4) Lair:3       Spider (0/4) Lair:6        Slime (0/6) Lair:7
    Orc (2/2) D:9             Elf (2/3) Orc:2        Vaults (0/5) D:13
 Depths (0/5) D:15

Altars:
Ashenzari
Cheibriados
Dithmenos
Elyvilon
Fedhas
Gozag
Kikubaaqudgha
Makhleb
Nemelex Xobeh
Okawaru
Pakellas
Qazlal
Ru
Sif Muna
Trog
Vehumet
Xom
Yredelemnul
Zin
The Shining One

Shops:
D:5 :   D:9 (   D:10 *   Orc:2 }(%?   Elf:2 *

Portals:
Pandemonium: Orc:2
Trove: D:12 (give horn of Geryon)

Annotations:
D:14 exclusion: Roxanne, Roxanne


Message History

Your battlesphere fires!
The barrage of energy hits the dire flail of protection.
The dire flail of protection falls from the air.
Drink which item? (? for menu, Esc to quit)
You feel much better.
The triple sword of pain completely misses you.
Unknown command.
Casting: Fireball
Confirm with . or Enter, or press ? or * to list all spells.
Aiming: Iskenderun's Mystic Blast
Press: ? - help, Shift-Dir - straight line, f/p - triple sword of pain
Aim: a triple sword of pain (lightly damaged)
The orb of energy hits the triple sword of pain.
The triple sword of pain is heavily damaged.
The orb of energy explodes!
Your battlesphere fires!
The barrage of energy hits the triple sword of pain.
The triple sword of pain is heavily damaged.
The triple sword of pain hits you!!!
You die...

##
##...#............
.###
##...###...........
#'.# #...##
##.........# ##.##
##...###...........
#...##
##...#....).......
#....#
##................
.....#
##*................
.....#
#..................
##'###
##.@...............
#.#
##()..............
#.#
##................
#.#
##.................
#.#
#.................
#.# ##...........
##.#####
##.........
#......# ##...##...
#.PPP..# ##...##
##.


You could see a triple sword of pain and a friendly battlesphere.

Vanquished Creatures
  Rupert (D:14)
  Asterion (Elf:1)
  A deep elf blademaster (Elf:2)
  Frances (D:14)
  A thorn hunter (Swamp:2)
  A deep elf sorcerer (Elf:1)
  Aizul (Swamp:3)
  An orc warlord (Orc:2)
  A deep elf annihilator (Elf:2)
  A deep elf demonologist (Elf:2)
  6 dire elephants
  A deep elf death mage (Elf:2)
  A vault guard (D:13)
  Josephine (D:11)
  A minotaur (Lab)
  26 hydras
  A ghost crab (Swamp:4)
  An anaconda (Lair:8)
  3 ice dragons (Swamp:4)
  Erica (Orc:1)
  3 centaur warriors
  22 dancing weapons
  2 catoblepae (D:13)
  12 death yaks
  8 alligators
  A tengu warrior (D:15)
  8 orc high priests
  A death knight (D:13)
  8 deep elf knights (Elf:2)
  2 sun demons (Orc:2)
  4 wizards
  9 swamp dragons
  3 shambling mangroves
  A gelid demonspawn (Orc:2)
  Pikel (D:5)
  A putrid demonspawn (Orc:2)
  2 spriggan druids (Swamp:4)
  3 unseen horrors
  A torturous demonspawn (Orc:2)
  4 hill giants
  8 deep elf archers
  A lindwurm (Lair:5)
  4 orc knights (Orc:2)
  4 oklob plants
  37 deep elf magi
  A griffon (Lair:8)
  6 cyclopes
  An ugly thing (D:13)
  2 hornets
  13 orc sorcerers
  A salamander (D:15)
  A manticore (D:11)
  A sixfirhy (Orc:2)
  An octopode (shapeshifter) (Elf:1)
  A centaur zombie (D:12)
  19 elephants
  A rust devil (Orc:2)
  An eye of devastation (Lair:7)
  8 black mambas
  A smoke demon (Orc:2)
  2 gargoyles
  2 torpor snails
  25 spiny frogs
  An efreet (D:15)
  9 komodo dragons
  6 rime drakes
  6 freezing wraiths
  A hellwing (Orc:2)
  A tengu conjurer (D:15)
  6 trolls
  A polar bear (Lair:4)
  3 two-headed ogres
  A minotaur skeleton (Lab)
  7 giant leeches
  9 bog bodies
  13 slime creatures
  27 blink frogs
  2 boulder beetles
  3 air elementals
  5 spriggans
  2 shadows
  A vampire (D:11)
  3 water elementals
  2 redbacks (Lab)
  6 wraiths
  Eustachio (D:5)
  2 wyverns
  58 yaks
  3 steam dragons
  4 basilisks
  5 swamp worm simulacra (Swamp:4)
  5 fire elementals
  21 humans (D:13)
  A neqoxec (Orc:2)
  10 hippogriffs
  12 vampire mosquitoes
  Menkaure (D:5)
  8 hungry ghosts
  A mottled dragon (D:13)
  Edmund (D:5)
  14 swamp worms
  4 soldier ants
  13 insubstantial wisps
  24 water moccasins
  14 hydra simulacra (Swamp:4)
  14 porcupines
  5 swamp drakes
  5 black bears
  3 slaves
  6 sky beasts
  41 orc warriors
  16 wasps
  5 necrophages (Lair:4)
  3 eyes of draining
  4 ice beasts
  2 phantoms
  24 centaurs
  4 ogres
  13 wolves
  17 crocodiles
  6 big kobolds
  25 giant frogs
  A gnoll sergeant (D:8)
  A wyvern zombie (D:12)
  2 earth elementals
  6 scorpions
  19 killer bees
  15 wights
  11 crimson imps
  5 electric eels
  7 howler monkeys
  A wasp zombie (D:12)
  A quasit (D:5)
  2 jellies
  7 hounds
  4 giant frog skeletons
  Crazy Yiuf (D:6)
  28 orc priests
  10 centaur skeletons
  2 giant frog zombies
  23 orc wizards
  6 iguanas
  22 worker ants
  A killer bee zombie (D:10)
  35 sheep
  A hound skeleton (D:7)
  4 worker ant zombies
  15 gnolls
  21 adders
  39 river rats
  3 shadow imps
  8 oozes
  3 swamp drake simulacra (Swamp:4)
  2 adder zombies
  An adder skeleton (D:5)
  14 worms
  A dart slug (D:3)
  5 giant geckos
  96 orcs
  6 bats
  15 giant cockroaches
  5 goblins
  8 hobgoblins
  15 jackals
  18 kobolds
  4 quokkas
  3 ball pythons (Sewer)
  4 giant newts
  A goblin skeleton (D:6)
  2 goblin zombies (D:6)
  2 hobgoblin zombies (D:6)
  A kobold zombie (D:6)
  An orc skeleton (D:6)
  A quokka skeleton (D:7)
  A quokka zombie (D:8)
  14 rats
  A butterfly (Lair:5)
  A fungus (Lair:8)
  5 plants
1330 creatures vanquished.

Vanquished Creatures (others)
  A hydra (Swamp:4)
  A killer bee (D:12)
  An orc priest (Orc:1)
  A bush (Lair:7)
  66 fungi
  59 plants
129 creatures vanquished.

Grand Total: 1459 creatures vanquished

Notes
Turn   | Place    | Note
--------------------------------------------------------------
     0 | D:1      | theElss the High Elf Conjurer began the quest for the Orb.
     0 | D:1      | Reached XP level 1. HP: 11/11 MP: 4/4
   278 | D:1      | Reached XP level 2. HP: 15/17 MP: 1/6
   447 | D:1      | Reached skill level 3 in Spellcasting
   530 | D:1      | Learned a level 2 spell: Searing Ray
  1158 | D:2      | Reached XP level 3. HP: 21/21 MP: 3/8
  1513 | D:2      | Reached skill level 4 in Spellcasting
  1692 | D:2      | Reached XP level 4. HP: 27/27 MP: 2/11
  1765 | D:2      | Learned a level 4 spell: Iskenderun's Mystic Blast
  2582 | D:3      | Found a basalt altar of Yredelemnul.
  2713 | D:3      | Reached skill level 5 in Spellcasting
  2725 | D:3      | Found a glowing drain.
  2737 | Sewer    | Entered a sewer
  2820 | Sewer    | Reached XP level 5. HP: 31/31 MP: 9/13
  2855 | Sewer    | Learned a level 5 spell: Iskenderun's Battlesphere
  3206 | Sewer    | Reached skill level 6 in Spellcasting
  3206 | Sewer    | Reached XP level 6. HP: 36/36 MP: 4/16
  3829 | Sewer    | Reached skill level 7 in Spellcasting
  4058 | Sewer    | Reached XP level 7. HP: 38/41 MP: 4/19
  4630 | D:3      | Found a snail-covered altar of Cheibriados.
  4992 | D:4      | Reached skill level 8 in Spellcasting
  5300 | D:4      | Reached skill level 5 in Dodging
  5759 | D:4      | Found a staircase to the Ecumenical Temple.
  5777 | Temple   | Entered the Ecumenical Temple
  5983 | D:4      | Reached skill level 9 in Spellcasting
  6223 | D:5      | Entered Level 5 of the Dungeon
  6384 | D:5      | Found a runed door.
  6394 | D:5      | Noticed Menkaure
  6408 | D:5      | Killed Menkaure
  6408 | D:5      | Reached XP level 8. HP: 24/46 MP: 13/22
  6726 | D:5      | Found a runed door.
  7079 | D:5      | Noticed Pikel
  7207 | D:5      | Killed Pikel
  7207 | D:5      | Reached skill level 10 in Spellcasting
  7523 | D:5      | Found Xotukhlaa's Book Emporium.
  7530 | D:5      | Bought a book of Minor Magic for 200 gold pieces
  7534 | D:5      | Learned a level 3 spell: Conjure Flame
  7537 | D:5      | Learned a level 2 spell: Repel Missiles
  7541 | D:5      | Learned a level 3 spell: Mephitic Cloud
  7544 | D:5      | Learned a level 2 spell: Blink
  7610 | D:5      | Noticed Eustachio
  7652 | D:5      | Killed Eustachio
  7652 | D:5      | Reached skill level 11 in Spellcasting
  7981 | D:5      | Noticed Edmund
  7999 | D:5      | Reached XP level 9. HP: 51/51 MP: 14/25
  8005 | D:5      | Killed Edmund
  9100 | D:6      | Found a glowing golden altar of the Shining One.
  9207 | D:6      | Noticed Crazy Yiuf
  9225 | D:6      | Killed Crazy Yiuf
  9671 | D:6      | Reached skill level 12 in Spellcasting
  9730 | D:6      | Found an iron altar of Okawaru.
  9731 | D:6      | Found a shadowy altar of Dithmenos.
  9880 | D:6      | Reached skill level 1 in Fire Magic
 10431 | D:7      | Found a white marble altar of Elyvilon.
 10755 | D:8      | Reached skill level 13 in Spellcasting
 10972 | D:7      | Found a radiant altar of Vehumet.
 10972 | D:7      | Found a blossoming altar of Fedhas.
 10986 | D:7      | Became a worshipper of Vehumet
 11022 | D:8      | Found a white marble altar of Elyvilon.
 11366 | D:8      | Reached XP level 10. HP: 46/56 MP: 12/28
 11731 | D:8      | Reached * piety under Vehumet
 11731 | D:8      | Offered knowledge of Freeze by Vehumet.
 13332 | D:7      | Reached skill level 14 in Spellcasting
 13940 | D:5      | Reached ** piety under Vehumet
 13980 | D:5      | Offered knowledge of Sandblast by Vehumet.
 14708 | D:8      | Reached skill level 1 in Fighting
 14915 | D:9      | Reached skill level 15 in Spellcasting
 15094 | D:9      | Found Decw's Weapon Shop.
 15096 | D:9      | Found a staircase to the Orcish Mines.
 15376 | D:9      | Reached XP level 11. HP: 59/63 MP: 24/31
 15480 | D:9      | Offered knowledge of Static Discharge by Vehumet.
 15634 | D:9      | Found a staircase to the Lair.
 16263 | D:9      | Reached *** piety under Vehumet
 16659 | Lair:1   | Entered Level 1 of the Lair of Beasts
 17500 | Lair:1   | Offered knowledge of Sticky Flame by Vehumet.
 17926 | Lair:1   | Reached skill level 16 in Spellcasting
 18758 | Lair:2   | Learned a level 5 spell: Bolt of Magma
 18949 | Lair:2   | Reached **** piety under Vehumet
 19312 | Lair:2   | Reached skill level 5 in Fire Magic
 19418 | Lair:2   | Offered knowledge of Inner Flame by Vehumet.
 19728 | Lair:2   | Noticed a six-headed hydra
 19732 | Lair:2   | Killed a six-headed hydra
 19732 | Lair:2   | Reached skill level 1 in Charms
 20161 | D:5      | Got a polished short sword
 20162 | D:5      | Identified the +7 short sword of the Imperium {antimagic, +Blink rPois rF- rN+++} (You found it on level 5 of the Dungeon)
 20506 | Lair:3   | Noticed a seven-headed hydra
 20510 | Lair:3   | Killed a seven-headed hydra
 20510 | Lair:3   | Reached skill level 17 in Spellcasting
 20510 | Lair:3   | Reached XP level 12. HP: 70/70 MP: 20/34
 21615 | Lair:3   | Found a staircase to the Swamp.
 22178 | Lair:3   | Reached skill level 18 in Spellcasting
 22720 | Lair:4   | Noticed a seven-headed hydra
 22770 | Lair:4   | Killed a seven-headed hydra
 23494 | Lair:5   | Reached skill level 19 in Spellcasting
 23812 | Lair:5   | Noticed an eight-headed hydra
 23817 | Lair:5   | Killed an eight-headed hydra
 23899 | Lair:5   | Reached ***** piety under Vehumet
 23899 | Lair:5   | Reached XP level 13. HP: 76/76 MP: 16/37
 24032 | Lair:5   | Offered knowledge of Lightning Bolt by Vehumet.
 25253 | Lair:6   | Reached skill level 20 in Spellcasting
 26206 | Lair:6   | Found a hole to the Spider Nest.
 27134 | Lair:7   | Offered knowledge of Delayed Fireball by Vehumet.
 27160 | Lair:6   | Learned a level 7 spell: Delayed Fireball
 27456 | Lair:7   | Reached skill level 10 in Dodging
 27517 | Lair:7   | Reached skill level 5 in Conjurations
 28062 | Lair:7   | Reached XP level 14. HP: 81/81 MP: 20/39
 28381 | Lair:7   | Found a staircase to the Slime Pits.
 29306 | D:10     | Entered Level 10 of the Dungeon
 29314 | D:10     | Found Gafrez's General Store.
 29326 | D:10     | Bought an uncursed ring of see invisible for 225 gold pieces
 29586 | D:10     | Offered knowledge of Ozocubu's Refrigeration by Vehumet.
 30974 | D:11     | Noticed Josephine
 30979 | D:11     | Killed Josephine
 31447 | Lair:8   | Entered Level 8 of the Lair of Beasts
 32611 | Lair:8   | Reached skill level 10 in Conjurations
 34818 | Lair:8   | Identified the Handbook of the Supportive Arsonist
 34825 | Lair:8   | Learned a level 5 spell: Fireball
 35840 | Lair:8   | Offered knowledge of Irradiate by Vehumet.
 35840 | Lair:8   | Reached XP level 15. HP: 88/88 MP: 25/40
 36069 | Orc:1    | Entered Level 1 of the Orcish Mines
 36160 | Orc:2    | Entered Level 2 of the Orcish Mines
 36309 | Orc:1    | Noticed Erica
 36492 | Orc:1    | Killed Erica
 37126 | Orc:2    | Noticed an orc warlord
 37141 | Orc:2    | Killed an orc warlord
 38230 | Orc:2    | Found a staircase to the Elven Halls.
 38657 | Orc:2    | Found Xatong Xeant's Magic Scroll Shop.
 38658 | Orc:2    | Found Sipuunyr's Food Boutique.
 38858 | Orc:2    | Reached skill level 10 in Fire Magic
 39370 | Orc:2    | Bought a scroll of magic mapping for 45 gold pieces
 39370 | Orc:2    | Bought a scroll of identify for 26 gold pieces
 39370 | Orc:2    | Bought a scroll of random uselessness for 13 gold pieces
 39370 | Orc:2    | Bought a scroll of silence for 97 gold pieces
 39370 | Orc:2    | Bought a scroll of amnesia for 45 gold pieces
 39370 | Orc:2    | Bought a scroll of fog for 26 gold pieces
 39370 | Orc:2    | Bought a scroll of enchant armour for 97 gold pieces
 39634 | Orc:2    | Found Cawuig's Gadget Shoppe.
 39634 | Orc:2    | Found a one-way gate leading to the halls of Pandemonium.
 39634 | Orc:2    | Found Ziucijee's Antique Weapon Emporium.
 39638 | Orc:2    | Bought an encrusted shortbow for 232 gold pieces
 39638 | Orc:2    | Identified the cursed +1 shortbow of Pestilence {velocity, rC+ Str+4 SInv} (You bought it in a shop on level 2 of the Orcish Mines)
 39710 | Orc:2    | Reached skill level 15 in Conjurations
 40075 | D:12     | Reached ****** piety under Vehumet
 40075 | D:12     | Offered knowledge of Bolt of Fire by Vehumet.
 40091 | D:12     | Learned a level 6 spell: Bolt of Fire
 40198 | D:12     | Found a portal to a secret trove of treasure.
 41298 | D:13     | Reached skill level 1 in Evocations
 41644 | D:13     | Offered knowledge of Freezing Cloud by Vehumet.
 42011 | D:13     | Reached XP level 16. HP: 93/93 MP: 41/41
 42261 | D:13     | Found a gate to the Vaults.
 43226 | D:14     | Noticed Rupert
 43231 | D:14     | Killed Rupert
 43322 | D:14     | Found a sacrificial altar of Ru.
 43371 | D:14     | Noticed Frances
 43374 | D:14     | Killed Frances
 43553 | D:14     | Noticed Roxanne
 44312 | D:14     | Offered knowledge of Orb of Destruction by Vehumet.
 44862 | D:15     | Entered Level 15 of the Dungeon
 44900 | D:15     | Found a labyrinth entrance.
 44908 | Lab      | Entered a labyrinth
 45356 | Lab      | Got a shimmering robe
 45528 | Lab      | Got a wavering steel ring
 45919 | D:15     | Got an iridescent trident
 46358 | D:15     | Found a staircase to the Depths.
 46501 | D:15     | Identified the +1 robe "Ryjaast" {+Fly Regen+ Dex+3} (You found it in a labyrinth)
 46511 | D:15     | Identified the +3 trident "Jotuohy" {speed, Int+6} (You found it on level 15 of the Dungeon)
 46695 | Lair:2   | Identified the ring of Irrepressible Laughter {SustAt *Corrode rF+ SInv} (You found it in a labyrinth)
 46774 | Swamp:1  | Entered Level 1 of the Swamp
 48028 | Swamp:1  | Reached skill level 15 in Fire Magic
 48255 | Swamp:2  | Noticed a thorn hunter
 48612 | Swamp:2  | Killed a thorn hunter
 48612 | Swamp:2  | Reached XP level 17. HP: 80/98 MP: 42/42
 48701 | Swamp:2  | Offered knowledge of Lehudib's Crystal Spear by Vehumet.
 48701 | Swamp:2  | Offered knowledge of Glaciate by Vehumet.
 48701 | Swamp:2  | Offered knowledge of Tornado by Vehumet.
 49945 | Swamp:3  | Noticed Aizul
 49951 | Swamp:3  | Killed Aizul
 50127 | Swamp:4  | Entered Level 4 of the Swamp
 50684 | Swamp:4  | Got a pair of ichor-stained gloves
 50695 | Swamp:4  | Identified the +2 pair of gloves of Cowardice {MP+9} (You found it on level 4 of the Swamp)
 50898 | Swamp:4  | Reached skill level 1 in Shields
 51399 | Swamp:4  | Reached skill level 21 in Spellcasting
 51797 | Swamp:4  | Got a decaying rune of Zot
 52642 | Elf:1    | Entered Level 1 of the Elven Halls
 53447 | Elf:1    | Noticed Asterion
 53924 | Elf:1    | Identified the Reference Book on Arcane Weapons and Creation
 53979 | Elf:1    | Killed Asterion
 54208 | Elf:2    | Found Estoc's Assorted Antiques.
 54213 | Elf:2    | Bought a pair of embroidered boots for 162 gold pieces
 54537 | Elf:2    | Reached XP level 18. HP: 104/104 MP: 44/44
 54911 | Elf:2    | Found a runed gate.
 54911 | Elf:2    | Found a runed gate.
 54911 | Elf:2    | Found a runed gate.
 54916 | Elf:2    | Got a brightly glowing dagger
 55111 | Elf:2    | Identified the +8 dagger "Jiudeph" {freeze, +Blink rF+ Int+4} (You found it on level 2 of the Elven Halls)
 55605 | Elf:2    | Reached skill level 5 in Shields
 55710 | Elf:2    | Mangled by a triple sword of pain

Skill      XL: |  1  2  3  4  5  6  7  8  9 10 11 12 13 14 15 16 17 18 |
---------------+-------------------------------------------------------+-----
Spellcasting   | 3 4 5 6 7 9 11 13 15 17 19 20 21 | 21.7
Dodging        | 3 4 5 6 7 8 9 10 | 10.0
Fire Magic     | 2 4 5 6 7 9 10 15 16 | 16.7
Fighting       | 1 2 3 |  3.2
Charms         | 1 |  1.2
Conjurations   | 6 12 15 16 17 | 17.2
Evocations     | 1 |  1.6
Shields        | 3 5 |  5.1
Stealth        | |  2.1
Translocations | |  0.9
Air Magic      | |  0.5
Earth Magic    | |  0.2
Poison Magic   | |  0.2

Action                   |  1- 3 |  4- 6 |  7- 9 | 10-12 | 13-15 | 16-18 || total
-------------------------+-------+-------+-------+-------+-------+-------++-------
Melee: Unarmed           |     1 |       |     8 |       |       |       ||     9
       Short sword       |    44 |     1 |       |       |       |       ||    45
       Whip              |       |       |     3 |     6 |    81 |       ||    90
 Cast: Magic Dart        |    65 |   113 |   314 |   417 |   390 |   223 ||  1522
       Searing Ray       |     9 |    20 |    80 |    82 |     4 |     8 ||   203
       Mephitic Cloud    |       |       |    13 |    11 |     3 |       ||    27
       Blink             |       |       |     2 |     8 |    10 |     6 ||    26
       Repel Missiles    |       |       |     1 |       |     1 |     1 ||     3
       Iskenderun's Myst |       |       |       |   136 |   269 |   202 ||   607
       Iskenderun's Batt |       |       |       |    67 |   198 |   161 ||   426
       Bolt of Magma     |       |       |       |    25 |    94 |     2 ||   121
       Delayed Fireball  |       |       |       |       |     3 |       ||     3
       Fireball          |       |       |       |       |    78 |   179 ||   257
       Bolt of Fire      |       |       |       |       |    11 |    80 ||    91
 Abil: Release Delayed F |       |       |       |       |     2 |       ||     2
  Use: Scroll            |       |       |       |    10 |    11 |     6 ||    27
       Potion            |       |       |       |     2 |       |     3 ||     5
 Stab: Distracted        |       |       |       |     1 |       |       ||     1
  Eat: Chunk             |     3 |     7 |    22 |    39 |    64 |    44 ||   179
       Fruit             |       |       |     1 |     2 |       |       ||     3
Armor: Robe              |     1 |     9 |    18 |    25 |    10 |       ||    63
       Leather armour    |       |       |       |       |       |    28 ||    28
Dodge: Dodged            |     9 |    24 |   143 |   253 |   131 |   149 ||   709
       Deflected         |       |       |       |     1 |     3 |     2 ||     6
Block: Buckler           |       |       |       |       |       |    19 ||    19
